 Dungeon Crawl Stone Soup version 0.31.0-11-ge490571c62 (webtiles) character file.

Game seed: 16422783655801284451

98 qw the Shooter (level 4, -1/25 HPs)
             Began as a Deep Elf Hunter on Feb 3, 2024.
             Incinerated by a bombardier beetle (5 damage)
             ... with a burning spray
             ... on level 3 of the Dungeon.
             The game lasted 00:00:05 (1572 turns).

qw the Shooter (Deep Elf Hunter)                    Turns: 1572, Time: 00:00:06

Health: -1/25      AC:  8    Str: 10    XL:     4   Next: 44%
Magic:  6/6        EV: 12    Int: 14    God:
Gold:   161        SH:  0    Dex: 18    Spells: 3/3 levels left

rFire   . . .        a - +0 shortbow
rCold   . . .        (shield currently unavailable)
rNeg    . . .        d - +3 leather armour
rPois   .            e - +1 helmet
rElec   .            (no cloak)
rCorr   .            (no gloves)
SInv    .            (no boots)
Will    .....        (no amulet)
Stlth   +            (no ring)
HPRegen 0.24/turn    (no ring)
MPRegen 0.10/turn

%: no passive effects
@: on fire, glowing
A: no striking features
a: no special abilities


You were on level 3 of the Dungeon.
You visited 1 branch of the dungeon, and saw 3 of its levels.

You collected 161 gold pieces.


   Skills:
 - Level 1.5 Fighting
 + Level 7.9 Ranged Weapons
 - Level 2.4 Dodging
 - Level 1.2 Stealth


You had 3 spell levels left.
You didn't know any spells.
Your spell library was empty.

Inventory:

Hand Weapons
 a - a +0 shortbow (weapon)
Armour
 d - a +3 leather armour (worn)
 e - a +1 helmet (worn)
Potions
 c - 2 potions of enlightenment
 g - a potion of brilliance {unknown}

Dungeon Overview and Level Annotations

Branches:
Dungeon (3/15)

Altars:


Message History

You kill the giant cockroach!
You have reached level 4!
You feel clever.
You shoot an arrow. The arrow hits the bombardier beetle.
The bombardier beetle is lightly wounded.
The bombardier beetle closely misses you.
You shoot an arrow.
The arrow hits the bombardier beetle but does no damage.
The bombardier beetle is lightly wounded.
You shoot an arrow.
The arrow barely misses the bombardier beetle.
The bombardier beetle barely misses you.
You shoot an arrow. The arrow hits the bombardier beetle.
The bombardier beetle is heavily wounded.
The bombardier beetle closely misses you.
You shoot an arrow. The arrow hits the bombardier beetle.
The bombardier beetle is heavily wounded.
You shoot an arrow.
The arrow hits the bombardier beetle but does no damage.
The bombardier beetle is heavily wounded.
The bombardier beetle sprays incendiary fluid at you.
The burning spray hits you.
You are covered in liquid fire!
You shoot an arrow. The arrow hits the bombardier beetle.
The bombardier beetle is almost dead.
The liquid fire burns you!
You shoot an arrow.
The arrow barely misses the bombardier beetle.
The liquid fire burns you!
The bombardier beetle bites you but does no damage.
You shoot an arrow. The arrow hits the bombardier beetle.
You kill the bombardier beetle!
The liquid fire burns you!
You shoot an arrow. The arrow hits the giant cockroach!
You kill the giant cockroach!
The liquid fire burns you!
You are on fire!
The liquid fire burns you!
You are on fire!
The liquid fire burns you!
You die...

...#+#...#
........#+
#........##
#.........###
+#...........
#.........#
##........#
#....@...# ...
+...#%#...# .... ##
#%##..# #.. .. ##.#
... ... #.#
#.#########'######.
#..................
#.#.#..###.......#.
#...## #...#####


There were no monsters in sight!

Vanquished Creatures
  A bombardier beetle (D:3)
  2 adders (D:2)
  4 dart slugs
  5 ball pythons
  4 endoplasms
  4 giant cockroaches
  4 goblins
  A hobgoblin (D:1)
  2 quokkas
  4 bats
  3 frilled lizards (D:2)
  5 kobolds
  6 rats
45 creatures vanquished.

Notes
Turn   | Place    | Note
-------+----------+-------------------------------------------
     0 | D:1      | qw the Deep Elf Hunter began the quest for the Orb.
     0 | D:1      | Reached XP level 1. HP: 12/12 MP: 3/3
     0 | D:1      | 0 ||| qw: Version: 0.3-a-158-g18b3111
     0 | D:1      | 0 ||| qw: Game counter: 4121
     0 | D:1      | 0 ||| qw: Melee chars always use a shield: true
     0 | D:1      | 0 ||| qw: God list: Okawaru
     0 | D:1      | 0 ||| qw: Allow faded altars: false
     0 | D:1      | 0 ||| qw: Do Orc after clearing Dungeon:15 true
     0 | D:1      | 0 ||| qw: Do second Lair branch before Depths: true
     0 | D:1      | 0 ||| qw: Lair rune preference: random
     0 | D:1      | 0 ||| qw: Goals: Normal
     0 | D:1      | 0 ||| PLANNING D:1-11
   418 | D:1      | Reached skill level 6 in Ranged Weapons
   418 | D:1      | Reached XP level 2. HP: 16/16 MP: 4/4
   705 | D:1      | 705 ||| UPGRADING to +3 leather armour.
   715 | D:1      | 715 ||| DROPPING +0 leather armour.
   716 | D:1      | 716 ||| DROPPING scroll of butterflies.
   765 | D:2      | Reached XP level 3. HP: 20/20 MP: 5/5
   842 | D:2      | Reached skill level 7 in Ranged Weapons
  1391 | D:2      | 1391 ||| UPGRADING to +1 helmet.
  1396 | D:2      | 1396 ||| DROPPING ring of flight.
  1397 | D:2      | 1397 ||| READING scroll labelled SIOCZE XOCUPS.
  1397 | D:2      | 1397 ||| IDENTIFYING white potion
  1398 | D:2      | 1398 ||| READING scroll labelled URATSENLE WOKH.
  1400 | D:2      | 1400 ||| Stepping ~*~*~tactically~*~*~ (cloud).
  1402 | D:2      | HP: 5/20 [poisoned by you (poison gas)]
  1406 | D:2      | HP: 2/20 [poisoned by you (poison gas)]
  1561 | D:3      | Reached XP level 4. HP: 25/25 MP: 6/6
  1571 | D:3      | HP: 4/25 [burnt (4)]
  1572 | D:3      | Incinerated by a bombardier beetle

Levels and vault maps discovered:
D:1:      tekkud_arrival_beachfront_property, layout_basic
D:2:      layout_basic
D:3:      layout_basic, minmay_pentangle

Skill      XL: |  1  2  3 |
---------------+----------+-----
Ranged Weapons | 6 7 |  7.9
Fighting       | |  1.5
Dodging        | |  2.4
Stealth        | |  1.2

Action                     |  1- 3 |  4- 6 || total
---------------------------+-------+-------++-------
   Fire: Shortbow          |   110 |    10 ||   120
    Use: Scroll            |     2 |       ||     2
 Armour: Leather armour    |    20 |     1 ||    21
  Dodge: Dodged            |    21 |     3 ||    24

Table legend:
 A = Non-vault XP
 B = Vault XP
 C = Vault XP percentage of total XP
 D = Non-vault monster count
 E = Vault monster count
 F = Vault count percentage of total count
                 A         B        C        D         E       F
            +---------+---------+-------+---------+---------+-------
      Total |      93 |      48 |  34.0 |      41 |       4 |   8.9
            +---------+---------+-------+---------+---------+-------
        D:1 |      31 |       0 |   0.0 |      14 |       0 |   0.0
        D:2 |      61 |       0 |   0.0 |      26 |       0 |   0.0
        D:3 |       1 |      48 |  98.0 |       1 |       4 |  80.0
            +---------+---------+-------+---------+---------+-------
